 Dungeon Crawl Stone Soup version 0.25-a0-699-g25a338df49 (webtiles) character file.

Game seed: 11036100919960943531, levelgen mode: deterministic

235 DasRunzen the Conjurer (level 5, -11/41 HPs)
             Began as a Demigod Conjurer on Apr 2, 2020.
             Killed by divine providence
             ... invoked by an orc priest
              (15 damage)
             ... on level 3 of the Dungeon.
             The game lasted 00:03:24 (2216 turns).

DasRunzen the Conjurer (Demigod Conjurer)           Turns: 2216, Time: 00:03:25

Health: -11/41     AC:  2    Str: 11    XL:     5   Next: 47%
Magic:  4/12       EV: 13    Int: 21    God:
Gold:   87         SH:  0    Dex: 16    Spells: 6/9 levels left

rFire    . . .     SeeInvis .   f - +0 scythe
rCold    . . .     Gourm    .   (shield currently unavailable)
rNeg     . . .     Faith    .   a - +0 robe
rPois    .         Spirit   .   (no helmet)
rElec    .         Reflect  .   (no cloak)
rCorr    .         Harm     .   (no gloves)
MR       .....                  (no boots)
Stlth    ++........             (no amulet)
HPRegen  0.13/turn              (no ring)
MPRegen  0.13/turn              (no ring)

@: no status effects
A: high mp 1
a: no special abilities


You were on level 3 of the Dungeon.
You were not hungry.

You visited 1 branch of the dungeon, and saw 3 of its levels.

You collected 87 gold pieces.

Inventory:

Hand Weapons
 f - a +0 scythe (weapon)
Armour
 a - a +0 robe (worn)
Scrolls
 b - a scroll of teleportation
Potions
 d - 2 potions of curing {unknown}
 e - 2 potions of might {unknown}
 h - a potion of invisibility {unknown}
Comestibles
 c - 4 rations


   Skills:
 + Level 2.3 Fighting
 + Level 3.1 Dodging
 - Level 1.7 Stealth
 + Level 2.9 Spellcasting
 + Level 4.4 Conjurations


You had 6 spell levels left.
You knew the following spells:

 Your Spells              Type           Power        Failure   Level  Hunger
a - Magic Dart            Conj           ###.         2%          1    None
b - Searing Ray           Conj           ###...       3%          2    ##.....

Your spell library contained the following spells:

 Spells                   Type           Power        Failure   Level  Hunger
 Dazzling Flash           Conj/Hex       ##....       16%         3    ###....
 Fulminant Prism          Conj/Hex       ##........   47%         4    ####...
 Iskenderun's Mystic Bla  Conj/Tloc      ##......     47%         4    ####...


Dungeon Overview and Level Annotations

Branches:
Dungeon (3/15)


Innate Abilities, Weirdness & Mutations

You have an increased reservoir of magic. (+10% MP)


Message History

The orc priest mumbles some strange prayers to Beogh against you.
Beogh smites you!
* * * LOW HITPOINT WARNING * * *
Casting: Searing Ray (safe; 3% risk of failure)
Confirm with . or Enter, or press ? or * to list all spells.
Aiming: Searing Ray (safe; 3% risk of failure)
Press: ? - help, Shift-Dir - straight line, f - orc priest
Aim: an orc priest, wielding a +0 club and wearing a +0 leather armour (heavily wounded)
The searing ray misses the orc priest. (Press . to maintain the ray.)
The orc priest hits you with a +0 club.
* * * LOW HITPOINT WARNING * * *
The searing ray hits the orc priest.
The orc priest is almost dead.
The orc priest closely misses you.
An orc comes into view. It is wielding a +0 club.
The searing ray misses the orc priest.
The orc priest invokes the aid of Beogh against you.
Beogh smites you!
You die...

.......
......
.....
#...#
#...#
#...#
#..)#
#..@#
#...o...#
#.###.###
.. .#o .
# #


You could see an orc priest and an orc.

Vanquished Creatures
  Sigmund (D:2)
  An orc priest (D:2)
  An ooze (D:1)
  A worm (D:3)
  3 dart slugs
  A leopard gecko (D:2)
  A giant cockroach (D:1)
  8 goblins
  4 hobgoblins
  7 bats
  A frilled lizard (D:1)
  3 kobolds
  6 rats
38 creatures vanquished.

Notes
Turn   | Place    | Note
-------+----------+-------------------------------------------
     0 | D:1      | DasRunzen the Demigod Conjurer began the quest for the Orb.
     0 | D:1      | Reached XP level 1. HP: 14/14 MP: 5/5
   119 | D:1      | Reached XP level 2. HP: 15/22 MP: 0/7
   560 | D:1      | Reached skill level 1 in Fighting
   965 | D:2      | Found a radiant altar of Vehumet,
  1033 | D:2      | Reached XP level 3. HP: 22/28 MP: 2/8
  1283 | D:2      | Noticed Sigmund
  1290 | D:2      | Learned a level 2 spell: Searing Ray
  1316 | D:2      | Killed Sigmund
  1316 | D:2      | Reached skill level 4 in Conjurations
  1316 | D:2      | Reached XP level 4. HP: 36/36 MP: 1/11
  1316 | D:2      | Reached XP level 5. HP: 41/41 MP: 1/12
  1882 | D:2      | Found a hazy altar of Hepliaklqana,
  1882 | D:2      | Found a burning altar of Makhleb,
  1917 | D:2      | Found a shattered altar of Ashenzari,
  2216 | D:3      | Killed from afar by an orc priest

Levels and vault maps discovered:
D:1:      evilmike_arrival_hilbert_curve, layout_loops_ring
D:2:      minmay_recursive_quarters, layout_basic,
          lemuel_coloured_pillars_altar, gammafunk_temple_overflow_statue,
          hangedman_decor_points, minmay_misc_feat_enclosed,
          chequers_serial_rivers_large_a, nrook_uturn, kennysheep_flooded_box,
          uniq_sigmund
D:3:      cheibrodos_pilgrimage, layout_loops_cross, minmay_misc_feat_plants

Skill      XL: |  1  2  3 |
---------------+----------+-----
Dodging        | 2 3 |  3.1
Spellcasting   | 2 |  2.9
Fighting       | 1 2 |  2.3
Conjurations   | 4 |  4.4
Stealth        | |  1.7

Action                   |  1- 3 |  4- 6 || total
-------------------------+-------+-------++-------
Melee: Unarmed           |    25 |       ||    25
       Scythe            |       |     3 ||     3
 Cast: Magic Dart        |    65 |     5 ||    70
       Searing Ray       |     1 |     4 ||     5
  Use: Scroll            |     2 |     2 ||     4
 Stab: Sleeping          |       |     1 ||     1
  Eat: Chunk             |     2 |       ||     2
       Ration            |       |     1 ||     1
Armor: Robe              |     7 |       ||     7
Dodge: Dodged            |    35 |     5 ||    40

Table legend:
 A = Non-vault XP
 B = Vault XP
 C = Vault XP percentage of total XP
 D = Non-vault monster count
 E = Vault monster count
 F = Vault count percentage of total count
                 A         B        C        D         E       F
            +---------+---------+-------+---------+---------+-------
      Total |     104 |     233 |  69.1 |      31 |       7 |  18.4
            +---------+---------+-------+---------+---------+-------
        D:1 |      38 |       0 |   0.0 |      18 |       0 |   0.0
        D:2 |      57 |     233 |  80.3 |      10 |       7 |  41.2
        D:3 |       9 |       0 |   0.0 |       3 |       0 |   0.0
            +---------+---------+-------+---------+---------+-------
